 Dungeon Crawl Stone Soup version 0.25-a0-940-gc6eaff51cc (webtiles) character file.

Game seed: 8125197438119720992, levelgen mode: classic

8 Amnesiac the Magician (level 2, -2/22 HPs)
             Began as a Deep Elf Wizard on May 5, 2020.
             Slain by a hound (4 damage)
             ... on level 2 of the Dungeon.
             The game lasted 00:01:26 (249 turns).

Amnesiac the Magician (Deep Elf Wizard)              Turns: 249, Time: 00:01:26

Health: -2/22      AC: 21    Str:  4    XL:     2   Next: 0%
Magic:  0/9        EV:  2    Int: 22    God:
Gold:   28         SH:  0    Dex: 13    Spells: 5/10 levels left

rFire    . . .     SeeInvis .   c - +0 hunting sling (curse)
rCold    . . .     Gourm    .   (no shield)
rNeg     + + +     Faith    .   (armour currently unavailable)
rPois    +         Spirit   .   (helmet currently unavailable)
rElec    .         Reflect  .   (cloak currently unavailable)
rCorr    .         Harm     .   (gloves currently unavailable)
MR       .....     NoTele   +   (boots currently unavailable)
Stlth    ++........             (no amulet)
HPRegen  0.07/turn              (no ring)
MPRegen  0.11/turn              (no ring)

@: tree-form, very slightly contaminated
A: no striking features
a: no special abilities


You were on level 2 of the Dungeon.
You were not hungry.
You were a tree.
You visited 1 branch of the dungeon, and saw 2 of its levels.

You collected 28 gold pieces.

Inventory:

Hand Weapons
 c - a cursed +0 hunting sling (weapon)
Missiles
 f - 22 stones (quivered)
Armour
 a - a +0 robe (melded)
 j - a +0 helmet (melded)
Scrolls
 e - a scroll of remove curse {!r, unknown}
 i - a scroll of magic mapping {!r, unknown}
 k - a scroll of fog {!r, unknown}
Comestibles
 d - a ration
 h - 3 chunks of flesh


   Skills:
 - Level 2.4 Dodging
 - Level 2.4 Stealth
 - Level 4.5 Spellcasting
 * Level 2.2 Conjurations
 - Level 1.1 Summonings
 - Level 1.1 Translocations


You had 5 spell levels left.
You knew the following spells:

 Your Spells              Type           Power        Failure   Level  Hunger
a - Magic Dart            Conj           ##..         4%          1    None
b - Call Imp              Summ           #.......     11%         2    #......
v - Blink                 Tloc           N/A          11%         2    #......

Your spell library contained the following spells:

 Spells                   Type           Power        Failure   Level  Hunger
 Slow                     Hex            #.......     16%         2    #......
 Conjure Flame            Conj/Fire      #.......     21%         3    ##.....
 Mephitic Cloud           Conj/Pois/Air  #.......     24%         3    ##.....


Dungeon Overview and Level Annotations

Branches:
Dungeon (2/15)

Altars:
Cheibriados


Message History

Firing (i - inventory)
f - 30 stones (quivered)
Press: ? - help, Shift-Dir - straight line, f/p - hound
Aim: a hound (moderately wounded)
You shoot a stone. The stone misses the hound.
The hound bites you but does no damage. The hound bites you.
* * * LOW HITPOINT WARNING * * *
Firing (i - inventory)
f - 29 stones (quivered)
Press: ? - help, Shift-Dir - straight line, f/p - hound
Aim: a hound (moderately wounded)
You shoot a stone. The stone barely misses the hound.
The hound barely misses you. The hound bites you but does no damage.
Firing (i - inventory)
f - 28 stones (quivered)
Press: ? - help, Shift-Dir - straight line, f/p - hound
Aim: a hound (moderately wounded)
You shoot a stone. The stone barely misses the hound.
The hound bites you but does no damage. x2
Casting: Magic Dart (safe; 4% risk of failure)
Confirm with . or Enter, or press ? or * to list all spells.
Aiming: Magic Dart (safe; 4% risk of failure)
Press: ? - help, Shift-Dir - straight line, f/p - hound
Aim: a hound (moderately wounded)
The magic dart hits the hound but does no damage.
The hound is moderately wounded.
The hound bites you but does no damage.
Firing (i - inventory)
f - 27 stones (quivered)
Press: ? - help, Shift-Dir - straight line, f/p - hound
Aim: a hound (moderately wounded)
You shoot a stone. The stone misses the hound.
The hound bites you but does no damage. x2
Firing (i - inventory)
f - 26 stones (quivered)
Press: ? - help, Shift-Dir - straight line, f/p - hound
Aim: a hound (moderately wounded)
You shoot a stone. The stone hits the hound.
The hound is heavily wounded.
The hound bites you but does no damage. x2
Firing (i - inventory)
f - 25 stones (quivered)
Press: ? - help, Shift-Dir - straight line, f/p - hound
Aim: a hound (heavily wounded)
You shoot a stone. The stone hits the hound.
The hound is severely wounded.
The hound bites you.
* * * LOW HITPOINT WARNING * * *
The hound bites you but does no damage.
Firing (i - inventory)
f - 24 stones (quivered)
Press: ? - help, Shift-Dir - straight line, f/p - hound
Aim: a hound (severely wounded)
You shoot a stone.
The stone hits the hound but does no damage.
The hound is severely wounded.
The hound bites you but does no damage. x2
Firing (i - inventory)
f - 23 stones (quivered)
Press: ? - help, Shift-Dir - straight line, f/p - hound
Aim: a hound (severely wounded)
You shoot a stone. The stone barely misses the hound.
The hound bites you but does no damage.
Casting: Magic Dart (safe; 4% risk of failure)
Confirm with . or Enter, or press ? or * to list all spells.
Aiming: Magic Dart (safe; 4% risk of failure)
Press: ? - help, Shift-Dir - straight line, f/p - hound
Aim: a hound (severely wounded)
The magic dart hits the hound.
The hound is almost dead.
The hound bites you but does no damage. The hound bites you.
You die...

#... #..# #.. #
... . #.# ## #.
#.# ..##
####.##<##....#
........).!._..
####.#.♣##.....
(. ##h## ###.
## #r.#
.........#
#####.".$..
#.#.#.##
#.###.. #. #.#
. .#


You could see a hound and a rat.

Vanquished Creatures
  2 bats
  A goblin (D:2)
  2 hobgoblins (D:1)
  A kobold (D:1)
6 creatures vanquished.

Notes
Turn   | Place    | Note
-------+----------+-------------------------------------------
     0 | D:1      | Amnesiac the Deep Elf Wizard began the quest for the Orb.
     0 | D:1      | Reached XP level 1. HP: 10/10 MP: 7/7
   217 | D:2      | Found a snail-covered altar of Cheibriados.
   219 | D:2      | Reached XP level 2. HP: 15/15 MP: 5/9
   223 | D:2      | Learned a level 2 spell: Blink
   226 | D:2      | Learned a level 2 spell: Call Imp
   249 | D:2      | Slain by a hound

Levels and vault maps discovered:
D:1:      lightli_arrival_chessboard, layout_basic
D:2:      layout_basic, lemuel_doored_altar, cheibriados_altar_1,
          gammafunk_temple_overflow_arena, nicolae_ru_sacrificial_ziggurat

Skill      XL: |  1 |
---------------+----+-----
Conjurations   | 2 |  2.2
Dodging        | |  2.4
Stealth        | |  2.4
Spellcasting   | |  4.5
Summonings     | |  1.1
Translocations | |  1.1

Action                   || total
-------------------------++-------
 Fire: Hunting sling     ||     8
 Cast: Magic Dart        ||    24
  Use: Potion            ||     1
Armor: Robe              ||     3
       Skin              ||    14
Dodge: Dodged            ||    11

Table legend:
 A = Non-vault XP
 B = Vault XP
 C = Vault XP percentage of total XP
 D = Non-vault monster count
 E = Vault monster count
 F = Vault count percentage of total count
                 A         B        C        D         E       F
            +---------+---------+-------+---------+---------+-------
      Total |      12 |       0 |   0.0 |       6 |       0 |   0.0
            +---------+---------+-------+---------+---------+-------
        D:1 |       8 |       0 |   0.0 |       4 |       0 |   0.0
        D:2 |       4 |       0 |   0.0 |       2 |       0 |   0.0
            +---------+---------+-------+---------+---------+-------
